 Dungeon Crawl Stone Soup version 0.28.0 (webtiles) character file.

Game seed: 9234026663785085103

2151 Strat the Grappler (level 9, -4/88 HPs)
             Began as a Troll Hunter on Feb 10, 2022.
             Was a Priest of Okawaru.
             Succumbed to a hornet's poison
             ... on level 8 of the Dungeon.
             The game lasted 00:13:06 (4194 turns).

Strat the Grappler (Troll Hunter)                   Turns: 4194, Time: 00:13:06

Health: -4/88      AC:  8    Str: 26    XL:     9   Next: 10%
Magic:  7/9        EV: 11    Int:  7    God:    Okawaru [***...]
Gold:   418        SH:  0    Dex: 10    Spells: 8/8 levels left

rFire   + . .      SeeInvis .     - Unarmed
rCold   . . .      Faith    .   (no shield)
rNeg    . . .      Spirit   .   v - +0 steam dragon scales
rPois   .          Reflect  .   (helmet restricted)
rElec   .          Harm     .   (no cloak)
rCorr   .          Rampage  .   (gloves unavailable)
Will    .....                   (boots unavailable)
Stlth   +++.......              (no amulet)
HPRegen 1.04/turn               j - ring of protection from fire
MPRegen 0.11/turn               (no ring)

@: brilliant, lethally poisoned (-4 -> -17), heroic, slowed, very slow
A: large, unfitting armour, claws 3, regeneration 1, shaggy fur 1, tough skin 1
a: Renounce Religion, Heroism


You were on level 8 of the Dungeon.
You worshipped Okawaru.
Okawaru was most pleased with you.
You visited 2 branches of the dungeon, and saw 9 of its levels.

You collected 418 gold pieces.

Inventory:

Hand Weapons
 h - a +0 morningstar
 k - a +0 great mace of venom
Missiles
 c - 10 large rocks (quivered)
 e - 150 stones
 g - 6 atropa-tipped darts
 i - a boomerang
 q - 6 poisoned darts
Armour
 b - a +1 robe
 v - +0 steam dragon scales (worn)
Jewellery
 a - a ring of magical power
 j - a ring of protection from fire (left claw)
Wands
 n - a wand of iceblast (1)
 w - a wand of polymorph (6)
Scrolls
 l - a scroll of fear
 o - a scroll of brand weapon
 r - a scroll of magic mapping
 s - a scroll of enchant armour
 t - 2 scrolls of teleportation
 u - a scroll of identify
Potions
 f - a potion of attraction
 p - a potion of resistance {unknown}


   Skills:
 + Level 5.3(10.3) Fighting
 - Level 3.6(8.6) Throwing
 - Level 1.5(6.5) Dodging
 - Level 0.3(5.3) Stealth
 * Level 10.0(15.0) Unarmed Combat
 + Level 1.7 Invocations


You had 8 spell levels left.
You didn't know any spells.
Your spell library contained the following spells:

 Spells                   Type           Power      Damage    Failure   Level
 Sting                    Tmut/Pois      0%         1d3       43%         1
 Poisonous Vapours        Pois/Air       0%         N/A       56%         2
 Olgreb's Toxic Radiance  Pois           0%         N/A       99%         4
 Dispersal                Tloc           0%         N/A       100%        6
 Disjunction              Tloc           0%         N/A       100%        8


Dungeon Overview and Level Annotations

Branches:
Dungeon (8/15)             Temple (1/1) D:4
   Lair: D:8-11

Altars:
Ashenzari
Dithmenos
Fedhas
Kikubaaqudgha
Makhleb
Nemelex Xobeh
Okawaru
Ru
Wu Jian
Yredelemnul
The Shining One

Shops:
D:1 *   D:2 (

Annotations:
D:4 Edmund
D:5 2 transporters


Innate Abilities, Weirdness & Mutations

You are too large for most types of armour.
You have claws for hands.
Your natural rate of healing is unusually fast.
You are covered in fur. (AC +1)
You have tough skin. (AC +1)


Message History

Okay, then.
You gain the combat prowess of a mighty hero.
You feel sick. The hornet closely misses you. The hornet stings you.
* * * LOW HITPOINT WARNING * * *
You feel as though you will be slow longer.
You scratch the hornet but do no damage.
The hornet is moderately wounded.
You feel sick. The hornet stings you!
* * * LOW HITPOINT WARNING * * *
You feel as though you will be slow longer.
The hornet closely misses you.
You scratch the hornet but do no damage.
The hornet is moderately wounded.
You feel sick. The hornet closely misses you.
You barely miss the hornet.
The hornet is moderately wounded.
You feel sick. The hornet stings you.
* * * LOW HITPOINT WARNING * * *
You are more poisoned.
You feel as though you will be slow longer.
The hornet stings you.
* * * LOW HITPOINT WARNING * * *
You are more poisoned.
You feel as though you will be slow longer.
You claw the hornet!
The hornet is almost dead.
You feel very sick. The hornet stings you!
* * * LOW HITPOINT WARNING * * *
You are more poisoned.
You feel as though you will be slow longer.
You mangle the hornet!!
You kill the hornet!
Okawaru accepts your kill.
* * * LOW HITPOINT WARNING * * *
You feel extremely sick.
Your base Unarmed Combat skill increases to level 10!
It was a potion of brilliance.
You feel clever all of a sudden.
You die...

#.#.....#.#####..####
#.# #.#######..#
#..######.# #.# ##.#
#.........# #.# #.#
##.######## #.# #.##
#.# # #..# #.# #..
##.# #.#
.....####.####.######
(......@............#
.....####..###.####.#
#.. ##.# #.# #.# #
#.###.# #.# #..##.#
#.# ##.##.# #.#
#..#.# #.# ##.#.# #.#
#...# #.#


There were no monsters in sight!

Vanquished Creatures
  Joseph (D:7)
  A hornet (D:8)
  Grinder (D:5)
  A steam dragon (D:8)
  Duvessa (D:6)
  A water moccasin (D:6)
  A necrophage (D:6)
  A sky beast (D:5)
  A black bear (D:6)
  An ogre (D:7)
  A wyvern zombie (D:8)
  Dowan (D:6)
  2 killer bees (D:8)
  A howler monkey (D:6)
  A bullfrog zombie (D:6)
  2 hounds
  2 orc priests
  2 iguanas
  4 hell rats (D:7)
  A killer bee zombie (D:8)
  9 river rats (D:7)
  5 adders
  2 white imps
  2 worms
  9 orcs
  3 endoplasms
  5 giant cockroaches
  2 goblins
  8 hobgoblins
  2 jackals (D:1)
  4 quokkas (D:7)
  5 ball pythons
  2 bats (D:3)
  5 kobolds
  21 rats
111 creatures vanquished.

Vanquished Creatures (others)
  An orc (D:8)
1 creature vanquished.

Grand Total: 112 creatures vanquished

Notes
Turn   | Place    | Note
-------+----------+-------------------------------------------
     0 | D:1      | Strat the Troll Hunter began the quest for the Orb.
     0 | D:1      | Reached XP level 1. HP: 19/19 MP: 0/0
    27 | D:1      | Reached skill level 1 in Unarmed Combat
    34 | D:1      | Found Qol Lano's General Store.
    89 | D:1      | Reached XP level 2. HP: 25/27 MP: 1/1
   182 | D:1      | Reached skill level 2 in Unarmed Combat
   348 | D:1      | Found a faded altar of an unknown god.
   506 | D:2      | Found an ancient bone altar of Kikubaaqudgha.
   690 | D:2      | Reached XP level 3. HP: 30/33 MP: 2/2
   843 | D:2      | Reached skill level 3 in Unarmed Combat
   843 | D:2      | Found Aruilloa's Weapon Boutique.
  1524 | D:4      | Reached XP level 4. HP: 41/41 MP: 3/3
  1595 | D:4      | Noticed Edmund
  1661 | D:4      | Reached skill level 4 in Unarmed Combat
  1673 | D:4      | Found a staircase to the Ecumenical Temple.
  1682 | Temple   | Entered the Ecumenical Temple
  1754 | Temple   | Became a worshipper of Warmaster Okawaru
  1825 | D:5      | Entered Level 5 of the Dungeon
  1926 | D:5      | Found a transporter.
  2008 | D:5      | Found a transporter.
  2100 | D:5      | Noticed Grinder
  2108 | D:5      | Killed Grinder
  2109 | D:5      | Reached skill level 6 in Unarmed Combat
  2109 | D:5      | Reached XP level 5. HP: 45/49 MP: 4/4
  2109 | D:5      | Reached XP level 6. HP: 52/57 MP: 5/5
  2468 | D:6      | Noticed an orc warrior
  2547 | D:6      | Noticed a sky beast
  2582 | D:5      | Killed a sky beast
  2641 | D:6      | Reached * piety under Okawaru
  2642 | D:6      | Reached XP level 7. HP: 41/66 MP: 6/6
  2720 | D:6      | Reached skill level 7 in Unarmed Combat
  2779 | D:6      | Noticed Duvessa
  2799 | D:6      | Noticed Dowan
  2813 | D:6      | Killed Duvessa
  2820 | D:6      | Killed Dowan
  2921 | D:6      | Reached ** piety under Okawaru
  2935 | D:6      | Reached XP level 8. HP: 16/79 MP: 7/7
  3073 | D:6      | Found a blossoming altar of Fedhas.
  3302 | D:7      | Noticed Joseph
  3323 | D:7      | Killed Joseph
  3324 | D:7      | Reached skill level 5 in Fighting
  3324 | D:7      | Reached skill level 8 in Unarmed Combat
  3609 | D:7      | Reached skill level 9 in Unarmed Combat
  3957 | D:8      | Reached *** piety under Okawaru
  4032 | D:8      | Reached skill level 1 in Invocations
  4114 | D:8      | Reached XP level 9. HP: 71/88 MP: 7/9
  4185 | D:8      | Paralysed by a hornet for 2 turns
  4193 | D:8      | HP: 1/88 [poisoned by a hornet]
  4194 | D:8      | Reached skill level 10 in Unarmed Combat
  4194 | D:8      | Succumbed to a hornet's poison

Illustrated notes

Levels and vault maps discovered:
D:1:      nzn_arrival_water_spiral, layout_rooms, serial_shops, shop,
          chequers_ecumenical_altar_lobes, due_unseen_surprise
D:2:      minmay_door_path, layout_basic, serial_shops, nicolae_diamond_shop,
          basic_altar
D:3:      layout_loops_cross
D:4:      layout_cave_pods, minmay_temple_entry_antechambers, uniq_ijyb,
          uniq_pikel, uniq_edmund
D:5:      gammafunk_steamed_eel, layout_gridville, uniq_grinder
D:6:      layout_basic, lemuel_tele_altar, uniq_duvessa
D:7:      lemuel_ratsnest, layout_basic, uniq_joseph
D:8:      layout_basic, minmay_lizard_king
Temple:   mainiacjoe_temple_hex_bubbles

Skill      XL: |  1  2  3  4  5  6  7  8  9 |
---------------+----------------------------+-----
Unarmed Combat | 1 2 3 6 7 9 10 | 10.0
Fighting       | 2 4 5 |  5.3
Invocations    | 1 |  1.7
Throwing       | |  3.6
Dodging        | |  1.5
Stealth        | |  0.3

Action                   |  1- 3 |  4- 6 |  7- 9 || total
-------------------------+-------+-------+-------++-------
Melee: Unarmed           |    83 |    70 |   194 ||   347
       Short sword       |     6 |       |       ||     6
       Punch             |     1 |     3 |     5 ||     9
Throw: Throwing net      |       |       |     2 ||     2
Invok: Heroism           |       |       |     6 ||     6
Evoke: Wand              |       |     1 |     1 ||     2
  Use: Scroll            |       |    10 |     2 ||    12
       Potion            |       |     2 |     4 ||     6
 Stab: Sleeping          |     4 |       |       ||     4
Armor: Robe              |    29 |    24 |    38 ||    91
       Steam dragon scal |       |       |     2 ||     2
Dodge: Dodged            |    49 |    26 |    70 ||   145
